 Dungeon Crawl Stone Soup version bcrawl-1.29.4 (webtiles) character file.

Game seed: 11373567199819882311

116228 MisterOstroum the Magician (level 2, 0/23 HPs)
             Began as a Mummy Wanderer on Feb 23, 2021.
             Slain by a jackal (1 damage)
             ... on level 1 of the Dungeon.
             The game lasted 00:03:57 (500 turns).

MisterOstroum the Magician (Mummy Wanderer)          Turns: 500, Time: 00:03:58

Health: 0/23       AC:  2    Str: 13    XL:     2   Next: 51%
Magic:  0/5        EV: 11    Int: 10    God:
Gold:   28         SH:  0    Dex: 14    Spells: 1/6 levels left

rFire    x . .     SeeInvis .   a - +0 short sword
rCold    + . .     Gourm    .   (no shield)
rNeg     + + +     Faith    .   d - +0 robe
rPois    ∞         Spirit   .   (no helmet)
rElec    .         Reflect  .   (no cloak)
rCorr    .         Harm     .   (no gloves)
MR       .....     Clarity  +   (no boots)
Stlth    ++........             (no amulet)
HPRegen  0.07/turn              (no ring)
MPRegen  0.09/turn              (no ring)

@: very slightly contaminated
A: no food or potions, fire vulnerability, clarity, cold resistance 1, negative
energy resistance 3, torment resistance, unbreathing
a: no special abilities


You were on level 1 of the Dungeon.
You were not hungry.

You visited 1 branch of the dungeon, and saw 1 of its levels.

You collected 28 gold pieces.

Inventory:

Hand Weapons
 a - a +0 short sword (weapon)
 g - a +0 mace
Missiles
 e - 78 stones (quivered)
 f - 186 arrows
Armour
 d - a +0 robe (worn)
Scrolls
 b - a scroll of remove curse {unknown}
 c - a scroll of teleportation {@r3 !r}
 i - a scroll of identify {@r1}


   Skills:
 * Level 2.6 Fighting
 - Level 1.0 Maces & Flails
 - Level 1.5 Armour
 - Level 1.1 Stealth
   Level 1.0 Shields
 - Level 2.6 Spellcasting
   Level 1.0 Conjurations
 + Level 0.6 Charms
 * Level 0.6 Earth Magic


You had one spell level left.
You knew the following spells:

 Your Spells              Type           Power        Failure   Level  Hunger
a - Infusion              Chrm           #.......     22%         1    N/A
b - Apportation           Tloc           #.....       28%         1    N/A
c - Sandblast             Erth           #.....       22%         1    N/A
d - Slow                  Hex            #.......     28%         1    N/A
e - Summon Butterflies    Summ           #.......     28%         1    N/A

Your spell library contained the following spells:

 Spells                   Type           Power        Failure   Level  Hunger


Dungeon Overview and Level Annotations

Branches:
Dungeon (1/12)

Altars:

Annotations:
D:1 exclusions: hobgoblin, kobold, rat and 7 more exclusions


Innate Abilities, Weirdness & Mutations

You do not eat or drink.
Your flesh is vulnerable to fire.
You are immune to poison.
You possess an exceptional clarity of mind.
Your flesh is cold resistant. (rC+)
You are immune to negative energy. (rN+++)
You are immune to unholy pain and torment.
You can survive without breathing.


Message History

Confirm with . or Enter, or press ? or * to list all spells.
Aiming: Sandblast (safe; 24% risk of failure)
Press: ? - help, Shift-Dir - straight line, f - rat, p - kobold
Aim: a rat The blast of sand hits the kobold.
You kill the kobold!
e - 118 stones
Casting: Sandblast (safe; 24% risk of failure)
Confirm with . or Enter, or press ? or * to list all spells.
Aiming: Sandblast (safe; 24% risk of failure)
Press: ? - help, Shift-Dir - straight line, f/p - rat
Aim: a rat You miscast Sandblast.
Nothing appears to happen.
The rat bites you.
Casting: Sandblast (safe; 24% risk of failure)
Confirm with . or Enter, or press ? or * to list all spells.
Aiming: Sandblast (safe; 24% risk of failure)
Press: ? - help, Shift-Dir - straight line, f/p - rat
Aim: a rat
Okay, then.
Unknown command.
You hit the rat.
The rat is heavily wounded.
The rat bites you.
Casting: Sandblast (safe; 24% risk of failure)
Confirm with . or Enter, or press ? or * to list all spells.
Aiming: Sandblast (safe; 24% risk of failure)
Press: ? - help, Shift-Dir - straight line, f - hobgoblin, p - rat
Aim: a hobgoblin, wielding a +0 club The blast of sand hits the rat.
You kill the rat!
e - 108 stones
Casting: Sandblast (safe; 24% risk of failure)
Confirm with . or Enter, or press ? or * to list all spells.
Aiming: Sandblast (safe; 24% risk of failure)
Press: ? - help, Shift-Dir - straight line, f/p - hobgoblin
Aim: a hobgoblin, wielding a +0 club The blast of sand misses the hobgoblin.
e - 98 stones The hobgoblin hits you with a +0 club.
You enter the shallow water.
Moving in this stuff is going to be slow.
Really walk into that teleport trap?
You enter a teleport trap!
The teleport trap disappears.
Your surroundings suddenly seem different.
Your magical contamination has completely faded away.
Found a scroll labeled BALIRA GAZOF.
Found a stone staircase leading down.
The jackal barks!
You hear a bark!
You see here 130 arrows.
Casting: Sandblast (safe; 24% risk of failure)
Confirm with . or Enter, or press ? or * to list all spells.
Aiming: Sandblast (safe; 24% risk of failure)
Press: ? - help, Shift-Dir - straight line, f - jackal
Aim: a jackal The blast of sand hits the jackal.
The jackal is severely wounded.
e - 88 stones The jackal bites you.
* * * LOW HITPOINT WARNING * * *
Unknown command.
You closely miss the jackal.
The jackal is severely wounded.
The jackal bites you.
* * * LOW HITPOINT WARNING * * *
The jackal bites you.
* * * LOW HITPOINT WARNING * * *
Unknown command.
Casting: Sandblast (safe; 24% risk of failure)
Confirm with . or Enter, or press ? or * to list all spells.
Aiming: Sandblast (safe; 24% risk of failure)
Press: ? - help, Shift-Dir - straight line, f/p - jackal
Aim: a jackal (severely wounded)
The blast of sand hits the jackal.
You kill the jackal!
e - 78 stones You enter the shallow water.
Moving in this stuff is going to be slow.
Casting: Sandblast (safe; 22% risk of failure)
Confirm with . or Enter, or press ? or * to list all spells.
Aiming: Sandblast (safe; 22% risk of failure)
Press: ? - help, Shift-Dir - straight line, f - jackal
Aim: a jackal You miscast Sandblast.
You are very lightly contaminated with residual magic.
Nothing appears to happen.
The jackal splashes around in the water.
Unknown command.
Unknown command.
Quiver which item? (- for none, * to show all) (? for menu, Esc to quit)
Okay, then.
Unknown command.
Unknown command.
Unknown command.
You barely miss the jackal. The jackal bites you.
* * * LOW HITPOINT WARNING * * *
The jackal misses you.
Unknown command.
You hit the jackal but do no damage. The jackal bites you.
You die...

##################
#.................
##..P≈PPPPP@##.#####..
##PP≈PP≈P♣≈hP....>?..
≈P≈≈♣≈≈≈≈≈†.P##...##
.#..PP≈≈≈♣≈PP.PP......###.
...P≈♣≈≈≈P.P....(..........
.≈P≈≈♣♣♣PP≈.###.†########..
.P≈≈♣♣♣PP...###..#
.PP≈≈♣≈♣P.#..##..#
..PP≈≈≈♣PPPP.##..#


You could see a jackal.

Vanquished Creatures
  A dart slug (D:1)
  A bat (D:1)
  3 goblins (D:1)
  2 hobgoblins (D:1)
  2 jackals (D:1)
  2 kobolds (D:1)
  3 rats (D:1)
14 creatures vanquished.

Vanquished Creatures (others)
  A plant (D:1)
1 creature vanquished.

Grand Total: 15 creatures vanquished

Notes
Turn   | Place    | Note
-------+----------+-------------------------------------------
     0 | D:1      | MisterOstroum the Mummy Wanderer began the quest for the
                  | Orb.
     0 | D:1      | MisterOstroum set off with the following items: a +0 mace,
                  | a scroll of teleportation {@r3 !r}, a +0 robe; and the
                  | following spells available to memorise: Apportation,
                  | Infusion, Sandblast, Slow, Summon Butterflies
     0 | D:1      | Reached XP level 1. HP: 16/16 MP: 4/4
     2 | D:1      | Learned a level 1 spell: Apportation
     4 | D:1      | Learned a level 1 spell: Infusion
     6 | D:1      | Learned a level 1 spell: Sandblast
     8 | D:1      | Learned a level 1 spell: Slow
    10 | D:1      | Learned a level 1 spell: Summon Butterflies
   345 | D:1      | Reached XP level 2. HP: 12/23 MP: 1/5
   499 | D:1      | HP: 1/23 [jackal (2)]
   500 | D:1      | Slain by a jackal

Action                   || total
-------------------------++-------
Melee: Short sword       ||    44
       Mace              ||    26
Throw: Stone             ||     1
 Cast: Infusion          ||     4
       Sandblast         ||    11
Armor: Robe              ||     3
Dodge: Dodged            ||    19
